Map: Prion Terraces

Players

PiG - Winner!

  • Race: Zerg Zerg
  • League: Grandmaster

NoPinSea (Probe)

  • Race: Protoss Protoss
  • League: Master

Event: 2016 WCS Winter Challenger Oceania SEA

VOD

Have the link to the VOD?

Description

Time

  • Played on: Feb. 12, 2016, 9:14 p.m.
  • Length: 10:02

All games in this series

Show
View Real Time Build Order
Export as new Build Order

PiG Zerg - Winner!

Build Orders: Hatch First 

Get SALT Encoding   

  12  0:00  Drone  
  13  0:12  Overlord  
  13  0:19  Drone  
  14  0:30  Drone x2  
  14  0:34  Drone  
  17  0:52  Hatchery  
  17  0:53  Drone  
  17  0:57  Drone  
  18  1:08  Extractor  
  17  1:14  Spawning Pool, Drone  
  17  1:18  Drone  
  18  1:31  Drone  
  19  1:39  Overlord  
  19  1:50  Drone  
  20  2:01  Queen  
  20  2:02  Zergling x2  
  20  2:03  Queen  
  20  2:04  Zergling x2  
  26  2:10  Metabolic Boost  
  26  2:15  Drone  
  27  2:16  Drone  
  28  2:36  Hatchery  
  28  2:37  Drone x2  
  28  2:43  Overlord  
  29  2:45  Overlord  
  29  2:46  Drone  
  30  2:57  Evolution Chamber  
  29  3:09  Drone x2  
  29  3:12  Zergling x8  
  35  3:17  Zergling x2  
  35  3:18  Zergling x2  
  35  3:19  Drone x3  
  40  3:22  Queen  
  40  3:25  Overlord  
  41  3:36  Overlord  
  41  3:47  Drone  
  41  3:48  Drone  
  43  3:52  Drone x3  
  43  3:54  Drone x2  
  48  3:58  Overlord  
  48  4:01  Drone x3  
  48  4:02  Lair  
  51  4:12  Drone x3  
  51  4:16  Extractor x2  
  52  4:19  Queen  
  52  4:23  Overlord x2, Hatchery  
  53  4:24  Drone  
  53  4:25  Drone  
  53  4:28  Drone  
  55  4:35  Drone x3  
  58  4:40  Extractor  
  58  4:43  Drone  
  58  4:46  Zerg Missile Weapons Level 1  
  58  4:49  Drone  
  59  4:57  Overlord x2  
  59  4:59  Drone x2  
  61  5:04  Overseer  
  61  5:09  Zergling x10, Hydralisk Den  
  61  5:10  Drone x3, Roach Warren  
  67  5:14  Drone x3, Extractor  
  69  5:28  Drone  
  69  5:30  Drone x5, Extractor  
  69  5:31  Drone x2  
  69  5:32  Drone x2  
  69  5:33  Drone  
  79  5:37  Overlord  
  79  5:40  Hydralisk x3  
  79  5:41  Muscular Augments  
  79  5:42  Hydralisk  
  85  5:45  Hydralisk  
  85  5:48  Spore Crawler  
  87  5:50  Spore Crawler  
  87  5:54  Spore Crawler  
  87  5:56  Drone, Hydralisk x2  
  89  5:58  Spore Crawler  
  89  6:02  Hydralisk x2  
  88  6:15  Hydralisk x2  
  86  6:19  Drone  
  86  6:25  Drone x2  
  88  6:28  Hydralisk  
  88  6:30  Overlord x5  
  88  6:31  Overlord  
  87  6:47  Spore Crawler  
  86  6:52  Hydralisk x7  
  100  6:56  Glial Reconstitution  
  100  6:57  Zerg Missile Weapons Level 2  
  100  7:00  Overlord x2  
  100  7:05  Drone x5  
  101  7:09  Hydralisk x2  
  101  7:10  Hydralisk  
  101  7:12  Overseer  
  107  7:26  Hydralisk x5  
  117  7:31  Roach x5  
  126  7:41  Overlord x3, Extractor  
  126  7:42  Overlord  
  125  7:45  Overlord  
  125  7:56  Overlord x3  
  124  8:00  Hydralisk x6  
  124  8:02  Roach x2  
  140  8:06  Roach x3  
  140  8:10  Roach x2  
  147  8:21  Roach x5  
  147  8:23  Ravager x5  
  147  8:24  Overlord x2  
  162  8:33  Roach x5  
  141  8:51  Roach x8  
  141  8:52  Hydralisk x3  
  145  8:59  Hydralisk x3  
  148  9:05  Roach x3  
  148  9:11  Hydralisk  
  148  9:12  Hydralisk x2  
  148  9:13  Roach  
  156  9:19  Roach x3  
  158  9:29  Roach x5  
  160  9:33  Hydralisk x2  
Show
View Real Time Build Order
Export as new Build Order

NoPinSea Protoss 

Build Orders: 1 Gate Expand 

Get SALT Encoding   

  12  0:00  Probe (Chrono Boost)  
  13  0:11  Probe (Chrono Boost)  
  14  0:18  Pylon  
  14  0:22  Probe (Chrono Boost)  
  15  0:36  Probe (Chrono Boost), Gateway  
  16  0:47  Probe (Chrono Boost), Assimilator  
  17  0:57  Probe (Chrono Boost)  
  18  1:08  Probe (Chrono Boost)  
  19  1:19  Nexus  
  19  1:22  Probe (Chrono Boost)  
  20  1:31  Cybernetics Core  
  20  1:34  Probe (Chrono Boost)  
  21  1:42  Assimilator  
  21  1:45  Probe (Chrono Boost)  
  22  1:49  Pylon  
  22  1:55  Probe (Chrono Boost)  
  23  2:07  Probe (Chrono Boost), Stalker (Chrono Boost)  
  26  2:09  Warp Gate  
  26  2:19  Probe  
  27  2:31  Mothership Core (Chrono Boost)  
  27  2:32  Probe (Chrono Boost)  
  30  2:37  Stalker  
  30  2:42  Probe (Chrono Boost)  
  33  2:50  Probe (Chrono Boost)  
  34  2:53  Probe (Chrono Boost)  
  35  3:00  Probe (Chrono Boost)  
  35  3:03  Probe (Chrono Boost), Gateway  
  35  3:05  Gateway  
  37  3:07  Pylon, Sentry  
  39  3:16  Probe x2 (Chrono Boost)  
  41  3:26  Probe x2 (Chrono Boost), Assimilator  
  43  3:27  Assimilator  
  43  3:37  Probe x2 (Chrono Boost)  
  44  3:41  Pylon  
  44  3:47  Probe x2 (Chrono Boost)  
  46  3:51  Stargate  
  46  3:53  Stargate  
  46  3:58  Probe x2 (Chrono Boost)  
  46  4:00  Forge  
  48  4:08  Probe (Chrono Boost)  
  48  4:09  Probe (Chrono Boost)  
  50  4:14  Sentry, Gateway  
  50  4:15  Gateway  
  50  4:16  Sentry  
  54  4:24  Pylon x2  
  54  4:28  Probe x2 (Chrono Boost)  
  56  4:34  Phoenix (Chrono Boost)  
  56  4:37  Phoenix (Chrono Boost)  
  60  4:48  Zealot  
  60  4:49  Zealot x2  
  66  4:57  Phoenix (Chrono Boost)  
  70  5:00  Phoenix (Chrono Boost)  
  70  5:04  Protoss Ground Weapons Level 1  
  70  5:11  Nexus  
  70  5:13  Pylon  
  70  5:19  Phoenix (Chrono Boost)  
  72  5:22  Phoenix (Chrono Boost)  
  72  5:26  Probe  
  72  5:27  Probe  
  76  5:31  Pylon  
  76  5:39  Probe  
  76  5:40  Phoenix (Chrono Boost)  
  79  5:44  Phoenix (Chrono Boost)  
  79  5:46  Probe  
  82  5:53  Robotics Facility  
  82  5:57  Probe, Twilight Council  
  82  6:03  Phoenix (Chrono Boost)  
  85  6:05  Probe  
  86  6:17  Phoenix (Chrono Boost)  
  86  6:19  Probe  
  86  6:24  Gateway  
  87  6:26  Gateway, Phoenix (Chrono Boost)  
  87  6:27  Gateway, Charge (Chrono Boost)  
  87  6:29  Probe, Gateway  
  90  6:33  Probe  
  90  6:34  Probe  
  92  6:50  Immortal (Chrono Boost), Assimilator  
  92  6:53  Probe x2  
  98  6:54  Probe  
  98  6:56  Assimilator  
  99  7:05  Probe x2  
  99  7:06  Probe  
  99  7:08  Zealot x3  
  108  7:11  Pylon  
  108  7:14  Pylon  
  108  7:15  Templar Archives  
  108  7:18  Probe  
  108  7:20  Pylon  
  109  7:29  Probe  
  114  7:30  Immortal (Chrono Boost)  
  114  7:37  Probe  
  114  7:40  Zealot x3  
  121  7:48  Robotics Facility  
  121  7:53  Zealot, Psionic Storm  
  121  7:55  High Templar x2  
  127  7:59  Immortal (Chrono Boost)  
  129  8:10  Zealot x2  
  133  8:15  Pylon  
  133  8:16  Pylon x2  
  133  8:18  Pylon  
  131  8:28  Pylon  
  131  8:29  Pylon  
  131  8:33  Zealot x5  
  131  8:34  Zealot x2  
  145  8:37  Observer  
  145  8:38  High Templar  
  122  8:49  High Templar  
  110  8:58  Immortal (Chrono Boost)  
  110  9:00  Immortal (Chrono Boost)  
  110  9:01  Zealot  
  110  9:06  Zealot x5  
  118  9:16  High Templar x2  
  122  9:21  Archon, Zealot  
  122  9:22  Zealot  
  122  9:28  Zealot  
  122  9:29  Zealot x2  
  95  9:38  Zealot  
  87  9:45  Zealot  
  87  9:46  Zealot x2  
Tags
 
Add a new tag
Caveats
  • Supply blocks, unpowered buildings, or Contaminate may cause inaccurate times.
  • Supply counts are checked every 10 seconds.